Pirn, chaotic male elven Priest |..- -).) ...)- .@h%- fG(.. G Gh Pirn the Acolyte Experience level: 4 Strength: 9 Dexterity: 12 Constitution: 14 Intelligence: 14 Wisdom: 18 Charisma: 8 Health: 0(33) Energy: 63(78) Def: 8 Gold: 211 Moves: 3153 Dungeon seed: DzHKyiKzGswNurpo Game ID: Pirn_1615569278 Your Inventory: Coins $ - 211 gold pieces Weapons a - a blessed corroded +1 mace (alternate weapon; not wielded) l - a +0 orcish dagger o - 6 +0 orcish arrows q - a +0 elven bow (weapon in hand) w - 7 blessed +1 arrows (in quiver) O - a +0 arrow Armor n - a +0 small shield (being worn) r - a +0 orcish helm (being worn) z - a +0 pair of iron shoes (being worn) G - a +0 dwarvish cloak J - a +0 dwarvish cloak K - a +0 leather armor (being worn) Y - a +0 dwarvish cloak Comestibles c - a clove of garlic d - a sprig of wolfsbane j - 2 food rations Q - a partly eaten food ration Scrolls E - a scroll of destroy armor Spellbooks f - a spellbook of create monster g - a spellbook of protection H - a blessed spellbook of detect monsters Potions b - 3 potions of holy water M - a cursed potion of paralysis Tools h - a wooden flute D - an oil lamp (0:1091) P - a tin whistle Gems e - a topaz stone y - a fluorite stone N - a worthless piece of green glass Spells and supernatural/magical abilities: Name Level Category Fail Memory n - detect monsters 1 divination 40% 93% p - protection 1 clerical 40% 85% O - create monster 2 clerical 40% 85% W - pray for help -- divine ? -- X - turn undead -- divine ? -- Your skills at the end: Fighting Skills Weapon Skills mace [Basic] Spellcasting Skills clerical spells [Basic] Final Attributes: You were piously aligned. You were sleep resistant. You were telepathic. You had infravision. You were protected. You are dead. Vanquished creatures: a gnome king 2 gnome lords a gray ooze 3 giant ants a floating eye 3 dwarves a dwarf zombie a werejackal an iguana an acid blob 2 hobbits 2 giant rats 2 cave spiders a green mold 12 gnomes 2 garter snakes 2 geckos 10 jackals 4 foxes a goblin a sewer rat 5 grid bugs 3 bats 6 lichens 2 kobold zombies 6 newts 76 creatures vanquished. Voluntary challenges: You had been an atheist until turn 3071. You used a wielded weapon 58 times, starting on turn 170. You read items or engraved 3 times, starting on turn 984. You never genocided any monsters. You never polymorphed an object. You never changed form. You used no wishes. You never split a pudding. You never wrote Elbereth's name. You never violated your personal moral code. Dungeon overview: The Dungeons of Doom: levels 1 to 3 Level 1 an altar to Mercury, some fountains a long staircase Level 2 a weapon shop Level 3 stairs to The Gnomish Mines The Gnomish Mines: levels 4 to 5 Level 4 stairs to The Dungeons of Doom Level 5 <- You were here History has recorded: On T:1 you entered the Dungeons of Doom to retrieve the Amulet of Yendor! On T:507 you reached level 2 of The Dungeons of Doom. On T:1371 you advanced to experience level 2. On T:1558 you reached level 3 of The Dungeons of Doom. On T:1692 you advanced to experience level 3. On T:2481 you advanced to experience level 4. On T:2561 you reached level 1 of The Gnomish Mines. On T:3107 you reached level 2 of The Gnomish Mines. Score breakdown: Gold: 211 ( 7913 points) Experience: 4 levels ( 9649 points) Exploration: 5 levels ( 10.64%) ( 8846 points) Discoveries: 11 items ( 3.85%) ( 5883 points) Valuables value: (no points given unless you survive) Artifact value: 0 ( 0 points) Variety of kills: 26 monsters ( 6.82%) ( 7836 points) Turncount: 3153 turns ( -673 points) Survival: died (score multiplied by 80%) Total score: 31563 Latest messages: You are now wielding your elven bow. a - a blessed corroded +1 mace (alternate weapon; not wielded). The arrow misses the dwarf. The arrow hits the dwarf. Qwerty eats an egg. The golden haze around you becomes less dense. You are now wielding your mace. q - an elven bow (alternate weapon; not wielded). You hit the gnome. (2x) The gnome misses. You miss the dwarf. The gnome king shoots an arrow! The arrow hits the gnome! The gnome is killed! The dwarf hits! The gnome king shoots 2 arrows! You are almost hit by the 1st arrow. You are almost hit by the 2nd arrow. You are now wielding your elven bow. a - a blessed corroded +1 mace (alternate weapon; not wielded). The dwarf hits! The gnome hits! You die... Final status: Goodbye Pirn the Priest, killed by a gnome... You died in The Gnomish Mines on dungeon level 5 with 31563 points, and 211 pieces of gold, after 3153 moves. You were level 4 with a maximum of 33 hit points when you died.